 Dungeon Crawl Stone Soup version 0.27-a0-1066-g29160eaed2 (webtiles) character file.

Game seed: 178039406422097748

2657 LordDeathwing the Cleaver (level 9, 0/82 HPs)
             Began as a Hill Orc Fighter on Apr 24, 2021.
             Was an Elder of Okawaru.
             Slain by an orc wizard
             ... wielding a +0 dagger
              (2 damage)
             ... on level 9 of the Dungeon.
             The game lasted 00:27:45 (7857 turns).

LordDeathwing the Cleaver (Hill Orc Fighter)        Turns: 7857, Time: 00:27:46

Health: 0/82       AC: 11    Str: 20    XL:     9   Next: 62%
Magic:  7/9        EV: 11    Int:  8    God:    Okawaru [****..]
Gold:   286        SH: 17    Dex: 12    Spells: 8/8 levels left

rFire    . . .     SeeInvis .   a - +0 war axe
rCold    . . .     Faith    .   c - +0 kite shield
rNeg     . . .     Spirit   .   b - +0 scale mail
rPois    .         Reflect  +   l - +1 hat
rElec    .         Harm     .   (no cloak)
rCorr    .         Rampage  .   (no gloves)
Will     .....                  y - +0 pair of boots
Stlth    +.........             e - amulet of reflection
HPRegen  0.23/turn              (no ring)
MPRegen  0.11/turn              (no ring)

@: heroic
A: no striking features
a: Renounce Religion, Heroism


You were on level 9 of the Dungeon.
You worshipped Okawaru.
Okawaru was greatly pleased with you.
You visited 2 branches of the dungeon, and saw 10 of its levels.

You collected 286 gold pieces.

Inventory:

Hand Weapons
 a - a +0 war axe (weapon)
Missiles
 m - 4 javelins
 u - 8 boomerangs (quivered)
Armour
 b - a +0 scale mail (worn)
 c - a +0 kite shield (worn)
 l - a +1 hat (worn)
 y - a +0 pair of boots (worn)
Jewellery
 e - an amulet of reflection (around neck)
 B - an amulet of the acrobat
Wands
 n - a wand of mindburst (35)
 r - a wand of flame (20)
 t - a wand of iceblast (9)
Scrolls
 i - 6 scrolls of identify {unknown}
 j - 2 scrolls of magic mapping {unknown}
 o - 2 scrolls of blinking {unknown}
 q - a scroll of silence {unknown}
 s - a scroll of fog {unknown}
 w - a scroll of enchant armour {unknown}
 A - 2 scrolls of teleportation {unknown}
Potions
 d - 2 potions of might
 g - 4 potions of curing {unknown}
 h - a potion of resistance {unknown}
 k - 4 potions of brilliance {unknown}
 p - 2 potions of lignification {unknown}
 v - a potion of attraction {unknown}
 x - a potion of mutation {unknown}
 z - a potion of ambrosia {unknown}
 C - a potion of flight {unknown}


   Skills:
 + Level 8.5(13.5) Fighting
 * Level 11.9(16.9) Axes
 - Level 6.5(11.5) Armour
 - Level 5.1(10.1) Shields


You had 8 spell levels left.
You didn't know any spells.
Your spell library was empty.

Dungeon Overview and Level Annotations

Branches:
Dungeon (9/15)             Temple (1/1) D:4
   Lair: D:8-11         Orc: D:9-12

Altars:
Ashenzari
Cheibriados
Elyvilon
Hepliaklqana
Kikubaaqudgha
Okawaru
Qazlal
Ru
Trog
Vehumet
Wu Jian
Yredelemnul
Zin
The Shining One

Shops:
D:1 (   D:3 !

Annotations:
D:5 1 runed translucent door, Gravitas's ghost, amateur GrFE
D:6 1 runed translucent door, Gilette's ghost, novice FoFi


Message History

Your shield and scale mail prevent you from hitting the orc warrior.
You block the orc warrior's attack.
You hit the orc warrior but do no damage.
You block the orc warrior's attack.
You hit the orc warrior but do no damage.
The orc warrior hits you but does no damage.
You slash the orc warrior!
The orc warrior is moderately wounded.
You block the orc warrior's attack.
You slash the orc warrior!
The orc warrior is almost dead.
The orc warrior hits you with a +0 trident!
* * * LOW HITPOINT WARNING * * *
You barely miss the orc warrior.
The orc warrior is almost dead.
The orc warrior hits you but does no damage.
You barely miss the orc warrior.
The orc warrior is almost dead.
The orc warrior closely misses you. You block the orc warrior's attack.
You hit the orc warrior.
You kill the orc warrior!
Okawaru accepts your kill. Something appears at your feet!
Okawaru grants you ammunition!
You hear some strange, mumbled words.
A puff of flame appears from out of thin air!
The puff of flame hits you.
* * * LOW HITPOINT WARNING * * *
Your life force feels restored.
You gain the combat prowess of a mighty hero.
Something hits you.
* * * LOW HITPOINT WARNING * * *
Unknown command.
You miss something. You completely miss something.
Something hits you but does no damage.
Your shield prevents you from hitting something.
Something hits you but does no damage.
You slash something! Something hits you but does no damage.
You miss something. Something hits you.
You die...

... .. .# .# .#
### .#### ###.#
....# #.#.# ....#
#.#.# ....# #.#@#
+#.##### #.#{#
........ #.#o#
Y#.#### #.#o#
>#.######### #.#.#
.#.........###.#.#
o#.###.....ooo.o.#
z#.......#.###.###
.#.###.#.#.# #.#


You could see 3 orcs.

Vanquished Creatures
  Sigmund (D:5)
  A yak (D:9)
  2 water moccasins
  2 ice beasts
  A hornet zombie (D:7)
  2 orc warriors
  2 sky beasts
  2 necrophages
  An ogre (D:6)
  2 phantoms (D:6)
  A bullfrog (D:6)
  A water moccasin skeleton (D:6)
  An electric eel (D:6)
  3 wights (D:9)
  5 hounds
  A jelly (D:7)
  A gnoll shaman (D:7)
  Ijyb (D:4)
  2 iguanas
  9 orc wizards
  A hound skeleton (D:5)
  A howler monkey zombie (D:9)
  4 gnolls (D:7)
  12 adders
  2 shadow imps (D:5)
  2 white imps
  An ufetubus (D:7)
  2 adder zombies (D:5)
  3 worms
  2 dart slugs (D:3)
  10 orcs
  10 endoplasms
  3 giant cockroaches
  6 goblins
  9 hobgoblins
  5 jackals
  7 kobolds
  5 quokkas
  6 ball pythons
  7 bats
  4 frilled lizards
  7 rats
150 creatures vanquished.

Notes
Turn   | Place    | Note
-------+----------+-------------------------------------------
     0 | D:1      | LordDeathwing the Hill Orc Fighter began the quest for the
                  | Orb.
     0 | D:1      | Reached XP level 1. HP: 19/19 MP: 1/1
    70 | D:1      | Found Ohae's Weapon Shoppe.
   110 | D:1      | Reached skill level 3 in Axes
   137 | D:1      | Reached XP level 2. HP: 27/27 MP: 2/2
   505 | D:1      | Reached XP level 3. HP: 31/33 MP: 3/3
   994 | D:2      | Found a hazy altar of Hepliaklqana.
  1603 | D:3      | Found Numnix's Distillery.
  1609 | D:3      | Reached XP level 4. HP: 40/40 MP: 4/4
  1628 | D:3      | Reached skill level 4 in Axes
  2337 | D:3      | Reached XP level 5. HP: 44/46 MP: 5/5
  2717 | D:4      | Found a staircase to the Ecumenical Temple.
  2728 | Temple   | Entered the Ecumenical Temple
  2795 | Temple   | Became a worshipper of Warmaster Okawaru
  2819 | D:4      | Noticed Ijyb
  2826 | D:4      | Killed Ijyb
  3068 | D:4      | Reached skill level 5 in Axes
  3131 | D:4      | Reached skill level 5 in Armour
  3131 | D:4      | Reached XP level 6. HP: 53/53 MP: 6/6
  3326 | D:5      | Entered Level 5 of the Dungeon
  3386 | D:5      | Noticed an ice beast
  3402 | D:5      | Killed an ice beast
  3402 | D:5      | Reached * piety under Okawaru
  3598 | D:5      | Found a runed translucent door.
  3640 | D:5      | Noticed Sigmund
  3677 | D:4      | Reached XP level 7. HP: 47/60 MP: 7/7
  3899 | D:5      | Killed Sigmund
  3900 | D:5      | Reached skill level 5 in Fighting
  3900 | D:5      | Reached skill level 6 in Axes
  3908 | D:5      | Noticed Gravitas's ghost (amateur GrFE)
  4581 | D:6      | Reached ** piety under Okawaru
  4582 | D:6      | Reached skill level 7 in Axes
  4582 | D:6      | Reached skill level 5 in Shields
  4636 | D:5      | Reached XP level 8. HP: 16/69 MP: 8/8
  5150 | D:6      | Reached skill level 8 in Axes
  5361 | D:6      | Found a runed translucent door.
  5361 | D:6      | Noticed Gilette's ghost (novice FoFi)
  5361 | D:6      | Noticed a boulder beetle
  5387 | D:6      | Reached skill level 9 in Axes
  5593 | D:6      | Reached *** piety under Okawaru
  6324 | D:7      | Reached skill level 10 in Axes
  6383 | D:7      | Reached XP level 9. HP: 68/79 MP: 9/9
  7335 | D:7      | Reached skill level 11 in Axes
  7519 | D:7      | You fall into a shaft and drop 2 floors!
  7600 | D:8      | Noticed a two-headed ogre
  7851 | D:9      | Reached **** piety under Okawaru
  7851 | D:9      | Received a gift from Okawaru
  7851 | D:9      | HP: 2/80 [something/puff of flame (6)]
  7857 | D:9      | Slain by an orc wizard

Illustrated notes

Levels and vault maps discovered:
D:1:      scummos_arrival_checkerplants, layout_loops_ring, serial_shops,
          nicolae_shop_statue_plus
D:2:      layout_loops_ring, basic_altar, serial_park_tiny_pond
D:3:      layout_loops_ring, serial_shops,
          nicolae_shop_temple_entry_statues_fountains,
          minmay_misc_feat_four_crosses, minmay_increasing_density
D:4:      layout_gridville, minmay_temple_entry_statues_fountains, uniq_ijyb
D:5:      layout_cave_pools, ebering_ghost_sewer_d, uniq_sigmund
D:6:      layout_rooms, ebering_ghost_inner_flame, nicolae_water_bricks,
          interstate_on_off
D:7:      layout_rooms, marbit_many_paths, minmay_overflow_temple_star_quad,
          kennysheep_generic_room_14, uniq_joseph
D:8:      layout_basic, nemelex_spade_bored_becter, minmay_fountain_box
D:9:      minmay_flawed_box, layout_basic, gammafunk_temple_overflow_wave,
          orc_0_dummy, hangedman_tell_no_tales
Temple:   eino_temple_lava

Skill      XL: |  1  2  3  4  5  6  7  8  9 |
---------------+----------------------------+-----
Axes           | 3 4 5 7 10 11 | 11.9
Fighting       | 4 5 7 8 |  8.5
Armour         | 4 5 6 |  6.5
Shields        | 4 5 |  5.1

Action                   |  1- 3 |  4- 6 |  7- 9 || total
-------------------------+-------+-------+-------++-------
Melee: War axe           |   115 |   180 |   265 ||   560
Throw: Boomerang         |       |     4 |    55 ||    59
Invok: Heroism           |       |       |     1 ||     1
  Use: Potion            |       |       |     3 ||     3
Armor: Scale mail        |    35 |    56 |   117 ||   208
Dodge: Dodged            |    30 |    46 |    46 ||   122
Block: Kite shield       |   104 |   175 |   207 ||   486
       Reflection        |       |     1 |     6 ||     7

Table legend: (Time is in decaauts)
 A = Elapsed time spent in this place.
 B = Non-inter-level travel time spent in this place.
 C = Inter-level travel time spent in this place.
 D = Time resting spent in this place.
 E = Time spent auto-exploring this place.
 F = Levels seen in this place.
 G = Mean time per level.
                   A        B        C        D        E       F      G
               +--------+--------+--------+--------+--------+-----+--------+
         Total |   8111 |   7908 |    203 |   1410 |   4237 |  10 |  811.1 |
       Dungeon |   8033 |   7830 |    203 |   1410 |   4183 |   9 |  892.6 |
        Temple |     77 |     77 |      0 |      0 |     54 |   1 |   77.0 |
               +--------+--------+--------+--------+--------+-----+--------+

Top non-repeatable levels by time:
     D:6: 2198 daAuts
     D:4: 1484 daAuts
     D:3: 960 daAuts
     D:1: 869 daAuts
     D:5: 785 daAuts
     D:2: 730 daAuts
     D:7: 660 daAuts
     D:9: 276 daAuts
  Temple: 77 daAuts
     D:8: 67 daAuts
